 Dungeon Crawl Stone Soup version 0.29-a0-221-gceb61267dd (webtiles) character file.

Game seed: 6852270428805216606

10391 drugrobin the Cleaver (level 11, -1/94 HPs)
             Began as a Demigod Fighter on Feb 27, 2022.
             Slain by a death yak (13 damage)
             ... on level 7 of the Dungeon.
             The game lasted 00:25:22 (13491 turns).

drugrobin the Cleaver (Demigod Fighter)            Turns: 13491, Time: 00:25:23

Health: -1/94      AC: 12    Str: 29    XL:     11   Next: 13%
Magic:  0/14       EV: 10    Int: 10    God:
Gold:   318        SH:  0    Dex: 19    Spells: 10/10 levels left

rFire   . . .      SeeInvis .   b - +0 dagger (venom)
rCold   . . .      Faith    .   (no shield)
rNeg    . . .      Spirit   +   M - +0 swamp dragon scales
rPois   +          Reflect  .   (no helmet)
rElec   .          Harm     .   B - +2 cloak
rCorr   .          Rampage  .   (no gloves)
Will    +....                   (no boots)
Stlth   +.........              r - amulet of guardian spirit
HPRegen 0.25/turn               E - +6 ring of dexterity
MPRegen 0.14/turn               (no ring)

@: studying Staves
A: high MP 1, forlorn, divine attributes
a: no special abilities


You were on level 7 of the Dungeon.
You visited 2 branches of the dungeon, and saw 9 of its levels.

You collected 591 gold pieces.
You spent 273 gold pieces at shops.

Inventory:

Hand Weapons
 a - a +2 vorpal war axe
 b - a +0 dagger of venom (weapon)
 v - a +2 vorpal battleaxe
 w - a +0 mace of holy wrath
 y - a +0 war axe
 F - a +0 broad axe
 I - the +0 mace "Moqentoc" {vorpal, rElec Will+}
   (You found it on level 5 of the Dungeon)

   It inflicts extra damage upon your enemies.
   rElec:     It insulates you from electricity.
   Will:      It increases your willpower.
 S - the +9 great mace of Ocisemak {vorpal, rN+}
   (You found it on level 1 of the Lair of Beasts)

   It inflicts extra damage upon your enemies.
   rN:        It protects you from negative energy.
Missiles
 e - 5 poisoned darts (quivered)
 x - 6 boomerangs of dispersal
 O - 3 javelins
Armour
 c - a +0 buckler
 s - the +1 leather armour "Curifaew" {rC+ Will+ Str+4}
   (You found it on level 3 of the Dungeon)

   Str:       It affects your strength (+4).
   rC:        It protects you from cold.
   Will:      It increases your willpower.
 B - a +2 cloak (worn)
 M - +0 swamp dragon scales (worn)
Jewellery
 r - an amulet of guardian spirit (around neck)
 E - a +6 ring of dexterity (left hand)
 R - a ring of ice
Wands
 A - a wand of polymorph (12)
 L - a wand of flame (10)
 P - a wand of paralysis (7)
Scrolls
 h - 2 scrolls of enchant weapon {unknown}
 i - 5 scrolls of teleportation {unknown}
 k - 4 scrolls of blinking {unknown}
 m - a scroll of noise {unknown}
 n - 7 scrolls of identify {unknown}
 o - 3 scrolls of fog {unknown}
 q - 3 scrolls of magic mapping {unknown}
 t - a scroll of vulnerability {unknown}
 u - 3 scrolls of amnesia {unknown}
 G - 2 scrolls of silence {unknown}
 K - 2 scrolls of enchant armour {unknown}
 Q - a scroll of immolation {unknown}
Potions
 d - a potion of might
 f - 3 potions of lignification
 g - a potion of magic {unknown}
 j - 3 potions of resistance {unknown}
 l - a potion of cancellation {unknown}
 p - 5 potions of heal wounds
 z - 4 potions of curing
 C - a potion of haste
 D - a potion of attraction {unknown}
 H - a potion of flight {unknown}
 J - a potion of brilliance {unknown}
 N - a potion of mutation {unknown}


   Skills:
 + Level 7.9 Fighting
 + Level 12.9 Axes
 + Level 7.9 Armour
 - Level 2.6 Shields


You had 10 spell levels left.
You didn't know any spells.
Your spell library contained the following spells:

 Spells                   Type           Power      Damage    Failure   Level
 Magic Dart               Conj           0%         1d3       45%         1
 Ensorcelled Hibernation  Hex/Ice        0%         N/A       61%         2
 Passwall                 Tmut/Erth      0%         N/A       61%         2
 Searing Ray              Conj           0%         2d4       61%         2
 Ozocubu's Armour         Ice            0%         N/A       83%         3
 Swiftness                Air            0%         N/A       83%         3
 Animate Dead             Necr           0%         N/A       99%         4
 Fulminant Prism          Conj/Hex       0%         3d6       99%         4
 Borgnjor's Vile Clutch   Necr/Erth      0%         N/A       100%        5
 Metabolic Englaciation   Hex/Ice        0%         N/A       100%        5
 Death Channel            Necr           0%         N/A       100%        6
 Simulacrum               Ice/Necr       0%         N/A       100%        6


Dungeon Overview and Level Annotations

Branches:
Dungeon (8/15)             Temple (0/1) D:6            Lair (1/6) D:8

Shops:
D:4 !


Innate Abilities, Weirdness & Mutations

You have an increased reservoir of magic. (+10% MP)
You shall have no god before yourself.
Your divine heritage dramatically boosts your attributes as you level up.


Message History

The death yak gores something!!
The yak gores something!!
The death yak barely misses you.
There is a staircase back to the Dungeon, spattered with blood here.
The death yak barely misses you.
You climb upwards.
Welcome back to the Dungeon!
There is a staircase to the Lair, spattered with blood here.
The death yak gores you!!
Your +0 dagger of venom begins to drip with poison!
b - a +0 dagger of venom (weapon)
You hit the death yak but do no damage.
The death yak is poisoned.
The death yak gores you!!
* * * LOW HITPOINT WARNING * * *
You hit the death yak but do no damage.
The death yak looks as sick as possible!
The death yak is lightly wounded.
The death yak closely misses you.
The death yak gores you but does no damage.
You hit the death yak but do no damage.
The death yak looks as sick as possible!
The death yak is lightly wounded.
The death yak gores you!
* * * LOW HITPOINT WARNING * * *
Things that are here:
a +0 robe; a +2 great sword of freezing You hit the death yak but do no damage.
The death yak looks as sick as possible!
The death yak is moderately wounded.
You barely miss the death yak.
The death yak is heavily wounded.
The death yak gores you!
* * * LOW HITPOINT WARNING * * *
The death yak looks more healthy.
There is a stone staircase leading up here.
The death yak gores you!!
* * * LOW HITPOINT WARNING * * *
You climb upwards.
There is a stone staircase leading down, spattered with blood here.
The death yak gores you!!
You die...

###.....#......#########....
#.......#......##......#....
#.......#..............#....
#.......###............+....
#.......##.............#....
##......##.............##...
#......##........#####.....
#................+.........
#.........@......####....#.
#...#+#...#Y...###.......#.
#...'.#...#....###.........
#...#.#..>.......+.........
#...#...........##.........
#...#.##........##.........
######+####................#
#.........#................+
##.....................#....#


You could see a death yak.

Vanquished Creatures
  Fannar (Lair:1)
  A two-headed ogre (D:5)
  An elephant (shapeshifter) (D:7)
  2 cane toads (Lair:1)
  Maggie (D:7)
  A polar bear (D:8)
  A troll (D:6)
  The ghost of dolemite99 the Bolt Thrower, an amateur OpAM of Jiyva (D:4)
  A wyvern (D:8)
  16 yaks
  3 steam dragons
  The ghost of enile the Magician, an amateur DjFE of Wu Jian (D:2)
  The ghost of CraigForest the Stinger, an amateur FoWn (D:3)
  6 water moccasins
  2 orc warriors
  2 sky beasts (D:5)
  4 black bears
  A necrophage (D:4)
  2 ogres
  3 centaurs
  3 phantoms
  4 bullfrogs
  2 scorpions (D:8)
  8 killer bees
  13 wights
  3 howler monkeys (D:7)
  The ghost of dolemite99 the Caller, a weakling MfSu of Makhleb (D:2)
  5 hounds
  A jelly (D:6)
  3 quasits (D:4)
  2 bullfrog zombies (D:6)
  Crazy Yiuf (D:3)
  2 orc priests (D:7)
  6 iguanas
  5 orc wizards
  4 adders
  A shadow imp (D:5)
  A white imp (D:7)
  3 ufetubi
  5 dart slugs
  2 worms
  22 orcs
  6 bats
  2 endoplasms (D:1)
  A giant cockroach (D:4)
  6 goblins
  6 hobgoblins
  8 jackals
  9 kobolds
  5 quokkas
  11 ball pythons
  3 frilled lizards
  6 rats
211 creatures vanquished.

Vanquished Creatures (others)
  50 fungi
  48 plants (D:8)
  4 withered plants (D:3)
102 creatures vanquished.

Grand Total: 313 creatures vanquished

Notes
Turn   | Place    | Note
-------+----------+-------------------------------------------
     0 | D:1      | drugrobin the Demigod Fighter began the quest for the Orb.
     0 | D:1      | Reached XP level 1. HP: 18/18 MP: 3/3
    40 | D:1      | Reached skill level 2 in Axes
   365 | D:1      | Reached XP level 2. HP: 25/25 MP: 4/4
   399 | D:1      | Reached skill level 3 in Axes
   771 | D:1      | Reached XP level 3. HP: 27/30 MP: 5/5
  1879 | D:2      | Noticed a phantom
  2364 | D:3      | Reached skill level 4 in Axes
  2530 | D:3      | Identified the +1 leather armour "Curifaew" {rC+ Will+
                  | Str+4}
  2668 | D:3      | Identified the +1 robe of Ate Ifoh {Dex+5}
  2708 | D:3      | Reached XP level 4. HP: 30/37 MP: 6/6
  2802 | D:3      | Noticed a shadow
  2835 | D:3      | Found a runed translucent gate.
  2836 | D:3      | Found a runed translucent gate.
  2836 | D:3      | Found a runed translucent gate.
  2849 | D:3      | Noticed CraigForest's ghost (amateur FoWn)
  2849 | D:3      | Noticed enile's ghost (amateur DjFE)
  2849 | D:3      | Noticed dolemite99's ghost (weakling MfSu)
  2914 | D:3      | Found a runed translucent door.
  2915 | D:3      | Noticed Crazy Yiuf
  3441 | D:4      | Noticed a necrophage
  3454 | D:4      | Killed a necrophage
  3455 | D:4      | Reached skill level 5 in Axes
  3455 | D:4      | Reached XP level 5. HP: 33/42 MP: 7/7
  3814 | D:2      | Reached skill level 6 in Axes
  3969 | D:2      | Reached XP level 6. HP: 23/50 MP: 8/8
  4421 | D:2      | Killed enile's ghost
  4697 | D:2      | Killed dolemite99's ghost
  5146 | D:3      | Killed CraigForest's ghost
  5147 | D:3      | Reached skill level 7 in Axes
  5147 | D:3      | Reached XP level 7. HP: 3/56 MP: 2/9
  5553 | D:3      | Killed Crazy Yiuf
  5726 | D:4      | Found a transporter.
  5754 | D:4      | Found a transporter.
  5758 | D:4      | Found Zeviam's Distillery.
  5758 | D:4      | Noticed dolemite99's ghost (amateur OpAM)
  5777 | D:4      | Bought a potion of curing for 39 gold pieces
  5777 | D:4      | Bought a potion of haste for 130 gold pieces
  5777 | D:4      | Bought a potion of heal wounds for 65 gold pieces
  6129 | D:4      | Killed dolemite99's ghost
  6130 | D:4      | Reached skill level 8 in Axes
  6580 | D:4      | Bought a potion of lignification for 39 gold pieces
  6603 | D:5      | Entered Level 5 of the Dungeon
  6629 | D:4      | Reached skill level 9 in Axes
  6646 | D:5      | Reached XP level 8. HP: 51/62 MP: 6/10
  6970 | D:5      | Identified the +0 mace "Moqentoc" {vorpal, rElec Will+}
  6982 | D:5      | Reached skill level 10 in Axes
  7503 | D:6      | Noticed a two-headed ogre
  7598 | D:5      | Killed a two-headed ogre
  7599 | D:5      | Reached skill level 11 in Axes
  7599 | D:5      | Reached XP level 9. HP: 26/71 MP: 8/11
  7853 | D:6      | Found a staircase to the Ecumenical Temple.
  8446 | D:6      | Reached skill level 5 in Fighting
  8446 | D:6      | Reached skill level 5 in Armour
  9760 | D:7      | Found the +7 staff of the Meek {protect, meekguard}
  9922 | D:7      | Reached XP level 10. HP: 70/78 MP: 11/13
 10270 | D:7      | Noticed Maggie
 10302 | D:7      | Killed Maggie
 10756 | D:8      | Noticed a two-headed ogre
 10757 | D:8      | Noticed a glowing shapeshifter
 10757 | D:8      | a two-headed ogre changed into a glowing shapeshifter
 10758 | D:8      | Noticed an eye of devastation
 10758 | D:8      | a glowing shapeshifter changed into an eye of devastation
 10759 | D:8      | Noticed a sea snake
 10759 | D:8      | an eye of devastation changed into a sea snake
 10767 | D:7      | Noticed an elephant
 10767 | D:7      | a sea snake changed into an elephant
 10779 | D:7      | Noticed a glowing shapeshifter
 10779 | D:7      | a redback changed into a glowing shapeshifter
 10779 | D:7      | Noticed a torpor snail
 10779 | D:7      | a glowing shapeshifter changed into a torpor snail
 10780 | D:7      | a torpor snail changed into a dream sheep
 10781 | D:7      | Noticed a guardian serpent
 10781 | D:7      | a dream sheep changed into a guardian serpent
 10785 | D:7      | Noticed an elephant
 10785 | D:7      | a guardian serpent changed into an elephant
 10793 | D:7      | Killed an elephant
 10794 | D:7      | Reached skill level 12 in Axes
 11764 | D:8      | Found a staircase to the Lair.
 12464 | Lair:1   | Entered Level 1 of the Lair of Beasts
 12882 | Lair:1   | Noticed Fannar
 13142 | D:8      | Reached XP level 11. HP: 83/93 MP: 12/14
 13186 | Lair:1   | Killed Fannar
 13305 | Lair:1   | Identified the +9 great mace of Ocisemak {vorpal, rN+}
 13343 | Lair:1   | Noticed a death yak
 13352 | Lair:1   | Noticed a death yak
 13363 | Lair:1   | Noticed a death yak
 13491 | D:7      | Slain by a death yak

Illustrated notes

Levels and vault maps discovered:
D:1:      tarquinn_simple_flora_water_a, layout_basic, minmay_pentomino_w2
D:2:      layout_basic, hellmonk_ecumenical_altar_dog_temple
D:3:      layout_loops_ring, riverfiend_overflow_shadow_ancestor,
          gammafunk_ghost_cemetery, uniq_crazy_yiuf_cottage
D:4:      layout_rooms, nicolae_sif_muna_condensation, serial_shops, shop,
          gammafunk_ghost_stat_death, kennysheep_another_room
D:5:      layout_loops_ring, mainiacjoe_overflow_24_doors
D:6:      kennysheep_steamy, layout_basic, lemuel_zombie_altar_yredelemnul,
          minmay_temple_entry_sparse_star
D:7:      layout_basic, nemelex_xobeh_ov_fountains_minmay,
          pf_guarded_unrand_meek, uniq_maggie
D:8:      layout_cave_pods, due_lair_maze_entry_diamond
Lair:1:   layout_regular_city, basic_altar, st_stairs_3, uniq_fannar, uniq_grum

Skill      XL: |  1  2  3  4  5  6  7  8  9 10 |
---------------+-------------------------------+-----
Axes           | 2 3 4 5 6 7 9 11 12 | 12.9
Fighting       | 3 5 7 |  7.9
Armour         | 3 5 7 |  7.9
Shields        | |  2.6

Action                   |  1- 3 |  4- 6 |  7- 9 | 10-12 || total
-------------------------+-------+-------+-------+-------++-------
Melee: War axe           |   150 |    50 |   228 |    16 ||   444
       Dagger            |    18 |       |     5 |     7 ||    30
       Mace              |       |    46 |    11 |       ||    57
       Battleaxe         |       |       |    21 |   174 ||   195
       Great mace        |       |       |       |     8 ||     8
Throw: Dart              |     3 |       |     5 |     8 ||    16
       Throwing net      |       |       |     1 |       ||     1
Evoke: Wand              |       |       |       |     2 ||     2
 Stab: Sleeping          |       |     1 |       |       ||     1
Armor: Scale mail        |    93 |       |       |       ||    93
       Leather armour    |     2 |    19 |     4 |       ||    25
       Chain mail        |       |       |   172 |     6 ||   178
       Swamp dragon scal |       |       |       |   103 ||   103
Dodge: Dodged            |    80 |    41 |   137 |   104 ||   362
Block: Buckler           |    49 |    18 |    56 |       ||   123

Table legend: (Time is in decaauts)
 A = Elapsed time spent in this place.
 B = Non-inter-level travel time spent in this place.
 C = Inter-level travel time spent in this place.
 D = Time resting spent in this place.
 E = Time spent auto-exploring this place.
 F = Levels seen in this place.
 G = Mean time per level.
                   A        B        C        D        E       F      G
               +--------+--------+--------+--------+--------+-----+--------+
         Total |  13664 |  12828 |    836 |   2833 |   7553 |   9 | 1518.2 |
       Dungeon |  12992 |  12156 |    836 |   2830 |   7052 |   8 | 1624.0 |
          Lair |    672 |    672 |      0 |      3 |    501 |   1 |  672.0 |
               +--------+--------+--------+--------+--------+-----+--------+

Top non-repeatable levels by time:
     D:8: 2020 daAuts
     D:3: 1945 daAuts
     D:4: 1690 daAuts
     D:1: 1624 daAuts
     D:6: 1572 daAuts
     D:2: 1502 daAuts
     D:7: 1456 daAuts
     D:5: 1179 daAuts
  Lair:1: 672 daAuts
